 Dungeon Crawl Stone Soup version 0.20-a0-1122-gb7cbeb9 (webtiles) character file.

41 Angani the Vexing (level 3, -2/20 HPs)
             Began as a Vine Stalker Arcane Marksman on May 14, 2017.
             Slain by Natasha (8 damage)
             ... on level 2 of the Dungeon.
             The game lasted 00:02:06 (1497 turns).

Angani the Vexing (Vine Stalker Arcane Marksman)    Turns: 1497, Time: 00:02:06

Health: -2/20      AC:  3    Str: 12    XL:     3   Next: 52%
Magic:  0/5        EV: 12    Int: 13    God:
Gold:   74         SH:  0    Dex: 15    Spells: 3/4 levels left

rFire    . . .     SeeInvis .   l - +0 whip
rCold    . . .     Gourm    .   (no shield)
rNeg     . . .     Faith    .   e - +0 robe
rPois    .         Spirit   +   (no helmet)
rElec    .         Reflect  .   o - +0 cloak
rCorr    .         Harm     .   (no gloves)
MR       .....                  (no boots)
Stlth    +.........             (no amulet)
Regen    0.1/turn               (no ring)
MPRegen  0.1/turn               (no ring)

@: no status effects
A: fangs 2, magic shield, antimagic bite, no potion heal 3, rot immunity
a: no special abilities


You were on level 2 of the Dungeon.
You were not hungry.

You visited 1 branch of the dungeon, and saw 2 of its levels.

You collected 74 gold pieces.

Inventory:

Hand Weapons
 a - a +0 hand crossbow
 l - a +0 whip (weapon)
Missiles
 b - 26 poisoned needles
 d - 13 bolts
Armour
 e - a +0 robe (worn)
 o - a +0 cloak (worn)
Jewellery
 p - an uncursed ring of ice {unknown}
Scrolls
 g - 3 scrolls of remove curse {unknown}
 h - a scroll of identify {unknown}
 j - 2 scrolls of magic mapping {unknown}
 m - 3 scrolls of teleportation {unknown}
Potions
 i - 3 potions of curing
 k - a potion of invisibility {unknown}
 n - a potion of haste {unknown}
Books
 c - a book of Debilitation

   Spells                             Type                      Level
   a - Corona                         Hexes                        1
   b - Slow                           Hexes                        2
   c - Inner Flame                    Hexes/Fire                   3
   d - Portal Projectile              Hexes/Translocation          3
   e - Cause Fear                     Hexes                        4
   f - Leda's Liquefaction            Hexes/Earth                  4
Comestibles
 f - a bread ration
 q - a chunk of flesh


   Skills:
 + Level 3.0 Fighting
 - Level 1.7 Crossbows
 - Level 1.5 Dodging
 - Level 1.1 Spellcasting
 - Level 3.0 Hexes


You had 3 spell levels left.
You knew the following spells:

 Your Spells              Type           Power        Failure   Level  Hunger
a - Corona                Hex            #......      9%          1    ##.....


Dungeon Overview and Level Annotations

Branches:
Dungeon (2/15)

Altars:

Annotations:
D:2 Natasha


Innate Abilities, Weirdness & Mutations

You have extremely sharp teeth.
When hurt, damage is shared between your health and your magic reserves.
Your bite disrupts and absorbs the magic of your enemies.
Potions cannot restore your health.
You are immune to rotting.


Message History

You closely miss Natasha.
Natasha is moderately wounded.
Natasha falters for a moment.
Unknown command.
It was a potion of curing.
That felt strangely inert.
Natasha falters for a moment.
You hit Natasha.
Natasha is heavily wounded.
Natasha falters for a moment.
You hit Natasha but do no damage. Your bite misses Natasha.
Natasha is heavily wounded.
Natasha barely misses you.
You hit Natasha.
Natasha is severely wounded.
Natasha claws you.
* * * LOW HITPOINT WARNING * * *
You hit Natasha but do no damage. Your bite misses Natasha.
Natasha is severely wounded.
Natasha claws you!
You die...

######## ##......#
###..####.#
#####...#####.###
###.....###.......#
............####..#
#...######### #@.#
....# ## #h.#
#...## #.# #..#
.....##..# #..#
###......## #...
##.##...#### #....
#.#.......# #....
#........). #.#...
##...<.###


You could see Natasha.

Vanquished Creatures
  2 oozes (D:1)
  2 dart slugs
  4 goblins
  3 hobgoblins
  4 jackals (D:1)
  A bat (D:1)
  4 frilled lizards (D:1)
  5 kobolds (D:1)
  3 rats (D:1)
28 creatures vanquished.

Notes
Turn   | Place    | Note
-------+----------+-------------------------------------------
     0 | D:1      | Angani the Vine Stalker Arcane Marksman began the quest for the Orb.
     0 | D:1      | Reached XP level 1. HP: 9/9 MP: 3/3
    37 | D:1      | Reached skill level 1 in Fighting
    82 | D:1      | Reached XP level 2. HP: 15/15 MP: 4/4
   469 | D:1      | Reached XP level 3. HP: 2/19 MP: 1/5
  1485 | D:2      | Noticed Natasha
  1497 | D:2      | Slain by Natasha

Vault maps used:
D:1:      erik_arrival_blinker_ship, fountainhead, kennysheep_doodads
D:2:      tso_altar, first_bread, uniq_robin, uniq_jessica, uniq_natasha

Skill      XL: |  1  2  3 |
---------------+----------+-----
Fighting       | 1 2 3 |  3.0
Crossbows      | |  1.7
Dodging        | |  1.5
Spellcasting   | |  1.1
Hexes          | |  3.0

Action                   || total
-------------------------++-------
Melee: Whip              ||    44
       Bite              ||    16
 Fire: Hand crossbow     ||    37
  Use: Potion            ||     1
 Stab: Sleeping          ||     2
  Eat: Chunk             ||     2
Armor: Robe              ||     9
Dodge: Dodged            ||    45
